[ AOE2 MATCH · #506414366 ]
UnrankedVietnamese vs Dravidians
Player's team · WIN
[ REPLAY ANALYSIS · EXTRACTED FROM THE RECORDED GAME ]
Feudal
11:46
Castle
21:11
Imperial
31:08
| APM avg | 55.0 |
| APM peak | 87 |
| eAPM avg | 29.9 |
| Villagers / military | 136 / 250 |
Focus
⚔️ 39.8% · 🌾 60.2%
Skirmisher ×129 · Rattan Archer ×38 · Bombard Cannon ×29 · Archer ×23 · Cavalry Archer ×14 · Fire Lancer ×8
Feudal
10:33
Castle
22:20
Imperial
28:38
| APM avg | 55.5 |
| APM peak | 153 |
| eAPM avg | 27.0 |
| Villagers / military | 123 / 127 |
Focus
⚔️ 36.4% · 🌾 63.6%
Hand Cannoneer ×53 · Scout Cavalry ×34 · Skirmisher ×26 · Bombard Cannon ×8 · Militia ×3 · Trebuchet (Packed) ×2
Match map
Initial resources + every placement click. Lines = walls · curves = elevation contours. ◆ gold · ⬟ stone · ● berries · ✦ relic · ◌ wall gap
Your base· ✓ Closed at 21:11 · 34t walls · 1 gate(s)
ITA | MarknighT's base· Open — opponent sealed themselves in
Smoothed initial terrain · ◌ = detected wall gap · hover for details
Inputs per minute
— PNAL | Miller - - ITA | MarknighT
Build order — PNAL | Miller
First 150 of 536 actions detected
| 0:00 | Create | Villager (Male) |
| 0:02 | Build | House |
| 0:06 | Build | House |
| 0:09 | Create | Villager (Male) |
| 0:10 | Create | Villager (Male) |
| 0:15 | Create | Villager (Male) |
| 0:41 | Build | Palisade Wall |
| 1:02 | Build | Palisade Wall |
| 1:20 | Create | Villager (Male) |
| 1:32 | Build | Palisade Wall |
| 1:41 | Build | Palisade Wall |
| 1:56 | Create | Villager (Male) |
| 2:00 | Build | Palisade Wall |
| 2:02 | Build | Palisade Wall |
| 2:16 | Create | Villager (Male) |
| 2:27 | Build | Lumber Camp |
| 2:30 | Build | Palisade Wall |
| 2:56 | Create | Villager (Male) |
| 3:11 | Create | Villager (Male) |
| 3:44 | Create | Villager (Male) |
| 3:47 | Build | House |
| 4:00 | Create | Villager (Male) |
| 4:26 | Create | Villager (Male) |
| 4:51 | Create | Villager (Male) |
| 5:04 | Create | Villager (Male) |
| 5:11 | Build | House |
| 5:31 | Create | Villager (Male) |
| 5:38 | Build | Mill |
| 5:54 | Build | House |
| 5:57 | Create | Villager (Male) |
| 6:20 | Create | Villager (Male) |
| 6:47 | Create | Villager (Male) |
| 7:17 | Create | Villager (Male) |
| 7:44 | Create | Villager (Male) |
| 8:02 | Create | Villager (Male) |
| 8:25 | Create | Villager (Male) |
| 8:40 | Build | Mining Camp |
| 8:46 | Build | Mining Camp |
| 8:49 | Create | Villager (Male) |
| 9:29 | Research | Feudal Age |
| 9:43 | Build | Farm |
| 9:45 | Build | Farm |
| 9:51 | Build | House |
| 10:20 | Create | Villager (Male) |
| 10:20 | Create | Villager (Male) |
| 10:47 | Research | Loom |
| 10:47 | Research | Loom |
| 11:12 | Create | Villager (Male) |
| 11:13 | Create | Villager (Male) |
| 11:16 | Build | Barracks |
| 11:46 | Age | Feudal Age |
| 11:48 | Research | Double-Bit Axe |
| 11:49 | Research | Horse Collar |
| 11:52 | Build | Archery Range |
| 12:04 | Research | Wheelbarrow |
| 12:08 | Create | Villager (Male) |
| 12:10 | Build | Watch Tower |
| 12:17 | Create | Villager (Male) |
| 12:18 | Build | House |
| 12:26 | Create | Archer |
| 12:26 | Create | Archer |
| 12:37 | Build | Palisade Wall |
| 12:47 | Create | Villager (Male) |
| 12:56 | Create | Villager (Male) |
| 13:10 | Create | Villager (Male) |
| 13:17 | Create | Villager (Male) |
| 13:18 | Create | Archer |
| 13:24 | Create | Villager (Male) |
| 13:26 | Create | Archer |
| 13:51 | Create | Villager (Male) |
| 13:52 | Build | Farm |
| 13:53 | Build | Farm |
| 13:53 | Build | Farm |
| 13:53 | Build | Farm |
| 14:00 | Build | Farm |
| 14:01 | Create | Archer |
| 14:04 | Create | Villager (Male) |
| 14:25 | Build | Blacksmith |
| 14:36 | Create | Archer |
| 14:38 | Create | Villager (Male) |
| 14:49 | Build | House |
| 14:57 | Research | Fletching |
| 14:58 | Research | Fletching |
| 15:29 | Build | Market |
| 15:46 | Create | Archer |
| 15:51 | Build | Mining Camp |
| 15:52 | Create | Villager (Male) |
| 16:00 | Build | Farm |
| 16:02 | Create | Archer |
| 16:03 | Create | Villager (Male) |
| 16:06 | Build | Palisade Wall |
| 16:10 | Build | Lumber Camp |
| 16:19 | Create | Villager (Male) |
| 16:34 | Create | Villager (Male) |
| 16:36 | Build | Farm |
| 16:37 | Create | Archer |
| 17:34 | Create | Villager (Male) |
| 18:04 | Create | Villager (Male) |
| 18:31 | Research | Castle Age |
| 18:32 | Research | Castle Age |
| 18:36 | Build | Mining Camp |
| 18:47 | Build | Farm |
| 18:47 | Build | Farm |
| 18:47 | Build | Farm |
| 18:47 | Build | Farm |
| 18:47 | Build | Farm |
| 18:47 | Build | Farm |
| 19:00 | Build | Farm |
| 19:34 | Build | Farm |
| 19:35 | Build | Farm |
| 19:35 | Build | Farm |
| 19:36 | Build | Farm |
| 19:58 | Build | Stone Wall |
| 20:13 | Build | Stone Wall |
| 20:25 | Create | Villager (Male) |
| 20:32 | Build | Gate |
| 20:53 | Research | Gold Mining |
| 21:07 | Build | House |
| 21:07 | Build | House |
| 21:08 | Build | House |
| 21:08 | Build | House |
| 21:11 | Age | Castle Age |
| 21:12 | Build | House |
| 21:18 | Build | Farm |
| 21:23 | Research | Bow Saw |
| 21:24 | Create | Villager (Male) |
| 21:32 | Build | University |
| 21:42 | Build | Siege Workshop |
| 21:58 | Create | Villager (Male) |
| 22:07 | Build | Stone Wall |
| 22:18 | Create | Villager (Male) |
| 22:43 | Create | Mangonel |
| 22:43 | Create | Mangonel |
| 22:45 | Create | Villager (Male) |
| 22:54 | Create | Villager (Male) |
| 23:08 | Research | Bodkin Arrow |
| 23:08 | Research | Bodkin Arrow |
| 23:18 | Create | Villager (Male) |
| 23:21 | Build | Archery Range |
| 23:23 | Research | Bodkin Arrow |
| 23:23 | Research | Bodkin Arrow |
| 23:24 | Research | Padded Archer Armor |
| 23:34 | Build | Archery Range |
| 23:40 | Create | Villager (Male) |
| 23:44 | Research | Stone Mining |
| 23:45 | Research | Bow Saw |
| 23:47 | Research | Heavy Plow |
| 23:52 | Research | Hand Cart |
| 23:52 | Research | Hand Cart |
| 23:58 | Create | Villager (Male) |
Build order — ITA | MarknighT
First 150 of 418 actions detected
| 0:01 | Create | Villager (Male) |
| 0:02 | Build | House |
| 0:04 | Build | House |
| 0:17 | Create | Villager (Male) |
| 0:18 | Create | Villager (Male) |
| 0:25 | Research | Loom |
| 0:26 | Create | Villager (Male) |
| 0:26 | Create | Villager (Male) |
| 0:27 | Create | Villager (Male) |
| 0:27 | Create | Villager (Male) |
| 2:06 | Create | Villager (Male) |
| 2:06 | Create | Villager (Male) |
| 2:44 | Create | Villager (Male) |
| 2:45 | Create | Villager (Male) |
| 3:06 | Build | Lumber Camp |
| 3:13 | Create | Villager (Male) |
| 3:40 | Create | Villager (Male) |
| 3:40 | Create | Villager (Male) |
| 4:08 | Create | Villager (Male) |
| 4:08 | Create | Villager (Male) |
| 4:26 | Build | House |
| 4:35 | Create | Villager (Male) |
| 4:35 | Create | Villager (Male) |
| 4:50 | Build | House |
| 4:57 | Create | Villager (Male) |
| 5:22 | Create | Villager (Male) |
| 5:43 | Create | Villager (Male) |
| 5:43 | Create | Villager (Male) |
| 6:04 | Create | Villager (Male) |
| 6:42 | Create | Villager (Male) |
| 6:42 | Create | Villager (Male) |
| 6:59 | Build | Mill |
| 7:26 | Create | Villager (Male) |
| 7:58 | Create | Villager (Male) |
| 8:18 | Build | Mining Camp |
| 8:23 | Research | Feudal Age |
| 8:24 | Research | Feudal Age |
| 9:03 | Build | Barracks |
| 10:00 | Create | Villager (Male) |
| 10:01 | Create | Villager (Male) |
| 10:02 | Create | Militia |
| 10:03 | Create | Militia |
| 10:19 | Build | Mining Camp |
| 10:23 | Create | Villager (Male) |
| 10:33 | Age | Feudal Age |
| 10:36 | Build | Watch Tower |
| 10:51 | Research | Double-Bit Axe |
| 10:54 | Research | Horse Collar |
| 10:54 | Research | Horse Collar |
| 11:02 | Build | House |
| 11:03 | Build | House |
| 11:09 | Create | Militia |
| 11:37 | Create | Villager (Male) |
| 11:48 | Research | Man-at-Arms (upgrade) |
| 11:53 | Build | Farm |
| 11:55 | Build | Farm |
| 11:56 | Build | Farm |
| 12:03 | Build | Farm |
| 12:44 | Create | Villager (Male) |
| 12:48 | Create | Villager (Male) |
| 12:50 | Build | Watch Tower |
| 13:02 | Build | Farm |
| 13:21 | Create | Villager (Male) |
| 13:37 | Create | Villager (Male) |
| 13:52 | Research | Arson |
| 13:54 | Build | Farm |
| 13:56 | Build | Farm |
| 14:13 | Create | Villager (Male) |
| 14:27 | Build | Farm |
| 14:29 | Build | Farm |
| 14:46 | Create | Villager (Male) |
| 14:54 | Build | Watch Tower |
| 14:59 | Build | Farm |
| 15:25 | Create | Villager (Male) |
| 15:34 | Build | Mining Camp |
| 15:36 | Build | House |
| 15:56 | Build | Palisade Wall |
| 16:13 | Create | Villager (Male) |
| 16:46 | Create | Villager (Male) |
| 16:55 | Build | Watch Tower |
| 17:47 | Create | Villager (Male) |
| 18:01 | Create | Villager (Male) |
| 18:15 | Build | Palisade Wall |
| 18:28 | Create | Villager (Male) |
| 18:30 | Build | Market |
| 19:05 | Create | Villager (Male) |
| 19:10 | Build | Blacksmith |
| 19:40 | Research | Castle Age |
| 19:40 | Research | Castle Age |
| 19:53 | Build | Mill |
| 20:38 | Research | Gold Mining |
| 21:44 | Create | Villager (Male) |
| 21:44 | Create | Villager (Male) |
| 22:20 | Age | Castle Age |
| 22:24 | Build | Siege Workshop |
| 22:42 | Build | Castle |
| 22:47 | Research | Fletching |
| 22:47 | Research | Fletching |
| 22:52 | Research | Scale Mail Armor |
| 22:52 | Research | Scale Mail Armor |
| 23:03 | Create | Villager (Male) |
| 23:09 | Build | University |
| 23:10 | Create | Mangonel |
| 23:22 | Create | Villager (Male) |
| 24:07 | Create | Villager (Male) |
| 24:08 | Create | Villager (Male) |
| 24:37 | Build | Archery Range |
| 25:28 | Research | Imperial Age |
| 26:06 | Build | Archery Range |
| 26:19 | Research | Padded Archer Armor |
| 26:19 | Research | Padded Archer Armor |
| 26:26 | Build | Farm |
| 26:28 | Build | Farm |
| 26:50 | Research | Town Watch |
| 26:50 | Research | Town Watch |
| 27:24 | Build | Outpost |
| 27:35 | Build | Outpost |
| 27:37 | Build | Farm |
| 27:45 | Build | Farm |
| 27:46 | Research | Leather Archer Armor |
| 27:46 | Research | Leather Archer Armor |
| 28:19 | Build | Farm |
| 28:26 | Create | Villager (Male) |
| 28:26 | Create | Villager (Male) |
| 28:38 | Age | Imperial Age |
| 28:41 | Research | Chemistry |
| 28:42 | Create | Trebuchet (Packed) |
| 28:51 | Research | Bow Saw |
| 28:51 | Research | Bow Saw |
| 29:05 | Create | Villager (Male) |
| 29:12 | Create | Villager (Male) |
| 29:31 | Create | Trebuchet (Packed) |
| 29:51 | Create | Villager (Male) |
| 30:31 | Create | Villager (Male) |
| 30:32 | Create | Hand Cannoneer |
| 30:33 | Create | Hand Cannoneer |
| 30:34 | Create | Bombard Cannon |
| 30:50 | Research | Wheelbarrow |
| 30:53 | Build | Farm |
| 30:59 | Build | Farm |
| 31:00 | Create | Hand Cannoneer |
| 31:01 | Create | Hand Cannoneer |
| 31:08 | Build | House |
| 31:09 | Build | House |
| 31:10 | Build | House |
| 31:10 | Build | House |
| 31:35 | Create | Hand Cannoneer |
| 31:35 | Create | Hand Cannoneer |
| 32:02 | Create | Hand Cannoneer |
| 32:03 | Create | Hand Cannoneer |
Match timeline
| 0:41 | PNAL | Miller · wall_segment Palisade Wall x6 |
| 1:02 | PNAL | Miller · wall_segment Palisade Wall x5 |
| 1:32 | PNAL | Miller · wall_segment Palisade Wall x1 |
| 1:41 | PNAL | Miller · wall_segment Palisade Wall x1 |
| 2:00 | PNAL | Miller · wall_segment Palisade Wall x1 |
| 2:02 | PNAL | Miller · wall_segment Palisade Wall x1 |
| 2:30 | PNAL | Miller · wall_segment Palisade Wall x1 |
| 9:03 | ITA | MarknighT · first_building Barracks |
| 10:33 | ITA | MarknighT · age_up feudal |
| 11:16 | PNAL | Miller · first_building Barracks |
| 11:46 | PNAL | Miller · age_up feudal |
| 11:52 | PNAL | Miller · first_building Archery Range |
| 12:37 | PNAL | Miller · wall_segment Palisade Wall x4 |
| 15:56 | ITA | MarknighT · wall_segment Palisade Wall x1 |
| 16:06 | PNAL | Miller · wall_segment Palisade Wall x1 |
| 16:14 | PNAL | Miller · first_market_sell 100 food |
| 18:15 | ITA | MarknighT · wall_segment Palisade Wall x1 |
| 19:06 | ITA | MarknighT · first_market_buy 100 wood |
| 19:58 | PNAL | Miller · wall_segment Stone Wall x13 |
| 20:13 | PNAL | Miller · wall_segment Stone Wall x1 |
| 20:54 | ITA | MarknighT · first_market_sell 100 food |
| 21:11 | PNAL | Miller · age_up castle |
| 21:42 | PNAL | Miller · first_building Siege Workshop |
| 22:07 | PNAL | Miller · wall_segment Stone Wall x2 |
| 22:20 | ITA | MarknighT · age_up castle |
| 22:24 | ITA | MarknighT · first_building Siege Workshop |
| 22:42 | ITA | MarknighT · first_building Castle |
| 23:28 | PNAL | Miller · first_market_buy 100 wood |
| 24:37 | ITA | MarknighT · first_building Archery Range |
| 26:19 | PNAL | Miller · wall_segment Stone Wall x8 |
| 28:38 | ITA | MarknighT · age_up imperial |
| 31:08 | PNAL | Miller · age_up imperial |
| 31:08 | PNAL | Miller · first_building Castle |
| 31:31 | PNAL | Miller · first_building Monastery |
| 31:42 | PNAL | Miller · wall_segment Stone Wall x6 |
| 48:30 | ITA | MarknighT · first_building Stable |
| 52:34 | PNAL | Miller · wall_segment Stone Wall x5 |
| 53:04 | ITA | MarknighT · resign |
[ AI ANALYSIS · 1 CREDIT ]
What really happened in this match?
Wolo.gg analyzes every decision: build order, eco, micro, common mistakes by bracket. Personalized analysis on WhatsApp or Discord in 30 seconds.
Civ guide
Vietnamese
Perfil
Jugador #4198666